 Dungeon Crawl Stone Soup version 0.28-a0-1334-g1c9ffb4daf (webtiles) character file.

Game seed: 6291893299062947275

93 Conn the Firebug (level 4, -1/27 HPs)
             Began as an Octopode Fire Elementalist on Dec 28, 2021.
             Killed by divine providence
             ... invoked by an orc priest
              (11 damage)
             ... on level 3 of the Dungeon.
             The game lasted 00:06:21 (2790 turns).

Conn the Firebug (Octopode Fire Elementalist)       Turns: 2790, Time: 00:06:21

Health: -1/27      AC:  2    Str:  7    XL:     4   Next: 62%
Magic:  4/7        EV: 13    Int: 19    God:
Gold:   63         SH:  0    Dex: 12    Spells: 1/7 levels left

rFire   . . .      SeeInvis .   e - +3 dagger (pain)
rCold   . . .      Faith    .   (no shield)
rNeg    . . .      Spirit   .   f - +1 hat
rPois   .          Reflect  .   (no amulet)
rElec   .          Harm     .   (no ring)
rCorr   .          Rampage  .   (no ring)
Will    .....                   (no ring)
Stlth   +++.......              (no ring)
HPRegen 0.09/turn               (no ring)
MPRegen 0.10/turn               (no ring)
                                (no ring)
                                (no ring)

@: about to teleport
A: almost no armour, amphibious, 8 rings, camouflage 1, gelatinous body 1,
(nimble swimmer 1), tentacles
a: no special abilities


You were on level 3 of the Dungeon.
You visited 1 branch of the dungeon, and saw 3 of its levels.

You collected 63 gold pieces.

Inventory:

Hand Weapons
 a - a +0 dagger
 e - a +3 dagger of pain (weapon)
Armour
 f - a +1 hat (worn)
Potions
 b - a potion of might {unknown}
 d - 3 potions of curing
 g - a potion of heal wounds {unknown}


   Skills:
 + Level 0.5 Short Blades
 + Level 2.4 Dodging
 + Level 3.5 Stealth
 + Level 2.4 Spellcasting
 + Level 2.2 Conjurations
 + Level 3.7 Fire Magic


You had one spell level left.
You knew the following spells:

 Your Spells              Type           Power      Damage    Failure   Level
a - Foxfire               Conj/Fire      52%        2x1d6     4%          1
b - Conjure Flame         Conj/Fire      13%        6-21      14%         3
e - Scorch                Fire           32%        2d7       5%          2

Your spell library contained the following spells:

 Spells                   Type           Power      Damage    Failure   Level
 Inner Flame              Hex/Fire       9%         N/A       22%         3
 Flame Wave               Conj/Fire      13%        2d5       43%         4


Dungeon Overview and Level Annotations

Branches:
Dungeon (3/15)

Altars:
Fedhas
Gozag
Ru
Vehumet

Shops:
D:1 (

Annotations:
D:2 Robin, Terence


Innate Abilities, Weirdness & Mutations

You cannot wear most types of armour.
You are amphibious.
You can wear up to eight rings at the same time.
Your skin changes colour to match your surroundings (Stealth+).
Your rubbery body absorbs attacks. (AC +1, EV +1)
((You are camouflaged when in or above water. (Stealth+)))
You have tentacles for arms and can constrict up to eight enemies at once.


Message History

Confirm with . or Enter, or press ? or * to list all spells.
You conjure some foxfire!
The orc priest shouts!
The orc shouts!
The orc priest begins to cast a cantrip, but forgets the words!
Unknown command.
Your foxfire dissipates!
The foxfire hits the orc.
The orc is moderately wounded.
Casting: Foxfire (safe; 4% risk of failure)
Confirm with . or Enter, or press ? or * to list all spells.
You conjure some foxfire!
The orc closely misses you.
Unknown command.
Casting: Foxfire (safe; 4% risk of failure)
Confirm with . or Enter, or press ? or * to list all spells.
You conjure some foxfire!
The foxfire hits the orc.
The orc is severely wounded.
The foxfire hits the orc.
You kill the orc!
Unknown command.
Casting: Foxfire (safe; 4% risk of failure)
Confirm with . or Enter, or press ? or * to list all spells.
You conjure some foxfire!
The orc misses you.
The orc priest mumbles some strange prayers to Beogh against you.
Beogh smites you!
Unknown command.
You hit the orc but do no damage. Your grab misses the orc.
The foxfire hits the orc but does no damage. x3
The orc barely misses you.
The orc priest mumbles some strange prayers to Beogh against you.
Beogh smites you!
* * * LOW HITPOINT WARNING * * *
Unknown command.
Unknown command.
It was a potion of curing.
You feel better. The orc hits you with a +0 whip.
As you read the scroll labelled NAOMONLISA, it crumbles to dust.
You feel strangely unstable.
It was a scroll of teleportation.
The orc hits you with a +0 whip.
The orc priest invokes the aid of Beogh against you.
Beogh smites you!
You die...

##.#.# #.#####. ##..#.# # #.
#.o.).# ## #....#o# #o... #.#
#... #o#####.# '.. #.....).# #.
###oo###### # ##)#@## ##..#.#
##...'.# ##....#.# .# ##.....#.#
.# ##.....##.# #####.#
#.....###.# #...#.#
#+#######'#####.# ##.....#######
................###.....#.......


You could see an orc priest and 3 orcs.

Vanquished Creatures
  A hound (D:3)
  An adder (D:3)
  2 orcs (D:3)
  3 bats
  5 endoplasms
  A giant cockroach (D:2)
  9 goblins
  7 hobgoblins
  2 jackals (D:1)
  2 quokkas
  A ball python (D:3)
  5 frilled lizards
  4 kobolds
  4 rats
47 creatures vanquished.

Vanquished Creatures (others)
  110 foxfires
110 creatures vanquished.

Grand Total: 157 creatures vanquished

Notes
Turn   | Place    | Note
-------+----------+-------------------------------------------
     0 | D:1      | Conn the Octopode Fire Elementalist began the quest for the
                  | Orb.
     0 | D:1      | Reached XP level 1. HP: 11/11 MP: 3/3
   153 | D:1      | Reached XP level 2. HP: 8/17 MP: 5/5
   520 | D:1      | Found Caij's Weapon Shoppe.
   818 | D:1      | Found a faded altar of an unknown god.
   923 | D:2      | Noticed Terence
   994 | D:1      | Learned a level 2 spell: Scorch
  1299 | D:2      | Reached XP level 3. HP: 21/21 MP: 2/6
  1303 | D:2      | Learned a level 3 spell: Conjure Flame
  1393 | D:2      | Noticed Robin
  2139 | D:3      | Reached XP level 4. HP: 27/27 MP: 4/7
  2513 | D:3      | Found a sacrificial altar of Ru.
  2515 | D:3      | Found a blossoming altar of Fedhas.
  2516 | D:3      | Found a radiant altar of Vehumet.
  2516 | D:3      | Found an opulent altar of Gozag.
  2790 | D:3      | Killed from afar by an orc priest

Illustrated notes

Levels and vault maps discovered:
D:1:      heliophobic_arrival_battle_scene, layout_loops_cross,
          chequers_ecumenical_altar_grove, serial_shops, nicolae_square_shop
D:2:      layout_rooms, uniq_robin, uniq_terence, uniq_sigmund
D:3:      layout_loops_ring, mainiacjoe_overflow_alcove_3, minmay_quadrilaterals

Skill      XL: |  1  2  3 |
---------------+----------+-----
Stealth        | 3 |  3.5
Conjurations   | 2 |  2.2
Short Blades   | |  0.5
Dodging        | |  2.4
Spellcasting   | |  2.4
Fire Magic     | |  3.7

Action                   |  1- 3 |  4- 6 || total
-------------------------+-------+-------++-------
Melee: Dagger            |    30 |    10 ||    40
       Tentacles         |     5 |     2 ||     7
       Constrict         |     7 |     3 ||    10
 Cast: Foxfire           |    44 |    28 ||    72
       Scorch            |     2 |       ||     2
  Use: Scroll            |       |     1 ||     1
       Potion            |       |     1 ||     1
 Stab: Sleeping          |     5 |     1 ||     6
Armor: Skin              |     4 |       ||     4
Dodge: Dodged            |    30 |     7 ||    37

Table legend: (Time is in decaauts)
 A = Elapsed time spent in this place.
 B = Non-inter-level travel time spent in this place.
 C = Inter-level travel time spent in this place.
 D = Time resting spent in this place.
 E = Time spent auto-exploring this place.
 F = Levels seen in this place.
 G = Mean time per level.
                   A        B        C        D        E       F      G
               +--------+--------+--------+--------+--------+-----+--------+
         Total |   2792 |   2792 |      0 |    247 |   1899 |   3 |  930.7 |
       Dungeon |   2792 |   2792 |      0 |    247 |   1899 |   3 |  930.7 |
               +--------+--------+--------+--------+--------+-----+--------+

Top non-repeatable levels by time:
     D:1: 1296 daAuts
     D:3: 833 daAuts
     D:2: 662 daAuts
